 Dungeon Crawl Stone Soup version 0.16-a0-3178-g2c88c44 (webtiles) character file.

823 Malachi the Ducker (level 7, -1/61 HPs)
             Began as a Green Draconian Chaos Knight on Dec 16, 2014.
             Was a Plaything of Xom.
             Slain by Prince Ribbit (13 damage)
             ... on level 4 of the Dungeon.
             The game lasted 00:07:54 (3310 turns).

Malachi the Ducker (Green Draconian Chaos Knight)   Turns: 3310, Time: 00:07:54

Health: -1/61      AC:  7    Str: 15    XL:     7   Next: 63%
Magic:  7/7        EV: 14    Int: 14    God:    Xom [.*....]
Gold:   252        SH:  0    Dex: 10    Spells: 0 memorised, 6 levels left

rFire  + . .     SeeInvis .     a - +0 spear (chaos)
rCold  . . .     Clarity  .     (armour unavailable)
rNeg   . . .     SustAb   .     (no shield)
rPois  +         Gourm    .     (helmet restricted)
rElec  .         Spirit   .     s - +0 cloak
rCorr  .         Warding  .     (no gloves)
rMut   .         Stasis   .     (no boots)
MR     .....                    (no amulet)
Stlth  ++........               (no ring)
                                e - ring of protection from fire

@: short of breath, not resistant to hostile enchantments, unstealthy
A: breathe noxious fumes, unfitting armour, poison resistance, cold-blooded, AC
+6
a: Breathe Noxious Fumes, Renounce Religion


You were on level 4 of the Dungeon.
You worshipped Xom.
You were a plaything of Xom.
You were not hungry.

You visited 1 branch of the dungeon, and saw 4 of its levels.

You collected 252 gold pieces.

Inventory:

Hand weapons
 a - a +0 spear of chaos (weapon)
Missiles
 r - 2 needles of frenzy
Armour
 s - a +0 cloak (worn)
Jewellery
 c - an uncursed ring of teleportation
 e - a ring of protection from fire (left hand)
 f - a +1 ring of strength
 o - an uncursed ring of ice
Magical devices
 v - a wand of enslavement (9)
Scrolls
 d - a scroll of magic mapping
 g - 3 scrolls of recharging
 h - 2 scrolls of remove curse
 j - a scroll of teleportation
 k - 2 scrolls of random uselessness
 l - 5 scrolls of fear {unknown}
 m - 4 scrolls of identify {unknown}
 u - a scroll of enchant weapon {unknown}
Potions
 b - 2 potions of curing {unknown}
 n - 2 potions of brilliance {unknown}
 p - a potion of mutation {unknown}
 q - 2 potions of restore abilities {unknown}
 w - a potion of agility {unknown}
Comestibles
 i - 4 fruits
 t - a meat ration


   Skills:
 + Level 5.2 Fighting
 + Level 4.7 Polearms
 + Level 5.7 Dodging
 + Level 2.9 Stealth
 + Level 0.4 Unarmed Combat


You had 6 spell levels left.
You didn't know any spells.

Dungeon Overview and Level Annotations

Branches:
Dungeon (4/15)
 Temple: D:4-7

Altars:
Ashenzari

Annotations:
D:4 Prince Ribbit


Innate Abilities, Weirdness & Mutations

You can breathe blasts of noxious fumes.
Your lurid green scales are hard (AC +6).
Your body does not fit into most forms of armour.
Your system is resistant to poisons.
Your cold-blooded metabolism reacts poorly to cold.


Message History

You hear a shout! x2
Prince Ribbit momentarily phases out as your attack passes through him.
Prince Ribbit is severely wounded.
Prince Ribbit hits you!
* * * LOW HITPOINT WARNING * * *
You are too injured to fight recklessly!
You are too injured to fight recklessly!
You are too injured to fight recklessly!
You are too injured to fight recklessly!
You are too injured to fight recklessly!
You are too injured to fight recklessly!
Attack whom?
Press: ? - help, Dir - move target cursor, f/p - Prince Ribbit
Aim: Prince Ribbit (severely wounded)
You hit Prince Ribbit.
Your tail-slap passes through Prince Ribbit as he momentarily phases out.
Prince Ribbit is severely wounded.
Prince Ribbit hits you!
You die...
Xom giggles madly!

....#..§###....#####.##.....#....
###.###.#...### #.###.........
##...........# #.# ##........
#............# #)###....#...[
#>.#..........# ####.....#..####)
.. #..........##......####..# ##
#..........§..# #.# #... #.
#########...§## . ..#. #. #.#..@#
........ #.#.#.F....# ......
.......$.### #..##. .######.....#
##. .. .. ####.# # ### .. # # .


You could see Prince Ribbit.

Vanquished Creatures
  Grinder (D:3)
  Purgy (D:4)
  An ogre (D:4)
  Duvessa (D:4)
  The ghost of Logan the Firebug, a weakling DrFE (D:3)
  Dowan (D:4)
  3 orc wizards (D:3)
  A worker ant (D:4)
  Ijyb (D:4)
  7 adders
  A giant mite (D:4)
  A worm (D:3)
  4 giant geckos
  An ooze (D:1)
  5 orcs (D:3)
  A ball python (D:2)
  11 goblins
  6 hobgoblins
  A quokka (D:3)
  14 bats
  5 giant cockroaches
  4 giant newts
  14 jackals
  2 kobolds
  7 rats
95 creatures vanquished.

Vanquished Creatures (collateral kills)
  An ogre (D:4)
  A jackal skeleton (D:4)
2 creatures vanquished.

Vanquished Creatures (others)
  A plant (D:2)
1 creature vanquished.

Grand Total: 98 creatures vanquished

Notes
Turn   | Place    | Note
--------------------------------------------------------------
     0 | D:1      | Malachi, the Draconian Chaos Knight, began the quest for the Orb.
     0 | D:1      | Reached XP level 1. HP: 19/19 MP: 1/1
   108 | D:1      | XOM: potion effect (agility)
   110 | D:1      | Reached XP level 2. HP: 26/26 MP: 2/2
   273 | D:1      | XOM: potion effect (might)
   420 | D:1      | XOM: harmless Pois miscast
   425 | D:1      | Reached XP level 3. HP: 20/33 MP: 3/3
   727 | D:2      | XOM: harmless Necr miscast
   974 | D:2      | Reached skill level 4 in Fighting
   981 | D:2      | XOM: harmless Chrm miscast
  1066 | D:2      | Reached XP level 4. HP: 37/40 MP: 4/4
  1089 | D:2      | XOM: smoke on damage
  1092 | D:2      | XOM: divination: detect creatures
  1098 | D:2      | Found a shattered altar of Ashenzari.
  1135 | D:2      | Saw a vision of the Swamp and the Snake Pit.
  1135 | D:2      | Noticed a swamp drake
  1135 | D:2      | Noticed a swamp drake
  1135 | D:2      | Noticed a swamp drake
  1135 | D:2      | Noticed a water moccasin
  1135 | D:2      | Noticed a giant frog
  1135 | D:2      | Noticed a mana viper
  1135 | D:2      | Noticed a naga ritualist
  1135 | D:2      | Noticed a naga
  1135 | D:2      | Noticed a salamander
  1136 | D:2      | Noticed a black mamba
  1136 | D:2      | Noticed a water moccasin
  1138 | D:2      | Noticed a naga
  1249 | D:3      | Noticed Grinder
  1259 | D:3      | Paralysed by Grinder for 7 turns
  1262 | D:3      | XOM: potion effect (haste)
  1281 | D:3      | Paralysed by Grinder for 2 turns
  1293 | D:3      | Killed Grinder
  1293 | D:3      | Reached skill level 1 in Stealth
  1293 | D:3      | Reached XP level 5. HP: 5/47 MP: 5/5
  1293 | D:3      | Reached XP level 6. HP: 5/53 MP: 6/6
  1763 | D:3      | XOM: enchant monster (bad)
  1801 | D:3      | Noticed Logan's ghost (weakling DrFE)
  1856 | D:3      | XOM: harmless Erth miscast
  1923 | D:3      | XOM: colour smoke trail
  1939 | D:3      | XOM: confusion (+ monsters)
  1962 | D:3      | Killed Logan's ghost
  2468 | D:3      | XOM: cast spell 'Ice Form'
  2492 | D:3      | XOM: potion effect (haste)
  2495 | D:3      | XOM: summons friendly iron imp
  2615 | D:3      | Reached skill level 5 in Dodging
  2781 | D:4      | XOM: confuse monster(s)
  2783 | D:4      | Your scales start taking on a lurid green colour.
  2783 | D:4      | Gained mutation: Your system is resistant to poisons. [draconian maturity]
  2783 | D:4      | Reached XP level 7. HP: 37/60 MP: 7/7
  2796 | D:4      | Noticed Ijyb
  2813 | D:4      | Killed Ijyb
  3001 | D:4      | Noticed Duvessa
  3002 | D:4      | XOM: enchant monster (bad)
  3008 | D:4      | Noticed Dowan
  3015 | D:4      | XOM: smoke on damage
  3117 | D:4      | XOM: colour smoke trail
  3124 | D:4      | Noticed Purgy
  3138 | D:4      | XOM: confuse monster(s)
  3148 | D:4      | Killed Purgy
  3148 | D:4      | Reached skill level 5 in Fighting
  3198 | D:4      | Killed Duvessa
  3202 | D:4      | Killed Dowan
  3242 | D:4      | XOM: harmless Necr miscast
  3264 | D:4      | XOM: colour smoke trail
  3284 | D:4      | Noticed Prince Ribbit
  3308 | D:4      | XOM: noise
  3310 | D:4      | Slain by Prince Ribbit

Action                   |  1- 3 |  4- 6 |  7- 9 || total
-------------------------+-------+-------+-------++-------
Melee: Spear             |   151 |   207 |    76 ||   434
       Unarmed           |       |    14 |       ||    14
 Abil: Breathe Noxious F |       |       |     6 ||     6
  Use: Scroll            |     2 |     1 |     2 ||     5
 Stab: Paralysed         |     3 |     1 |       ||     4
       Confused          |       |     1 |     1 ||     2
       Distracted        |       |     1 |       ||     1
       Petrifying        |       |     1 |       ||     1
       Sleeping          |       |     1 |       ||     1
  Eat: Chunk             |       |     2 |     3 ||     5
       Bread ration      |       |     1 |       ||     1
